3AAA
BRINKLEY BELUGAS @ HIALEAH DODOS
09/13/2032
 
TOP OF THE 1ST
Brinkley Belugas batting - Pitching for Hialeah Dodos : LHP Yoshi Minamoto
Pitching: LHP Yoshi Minamoto
Batting: RHB Martín Alejadre 0-0: Fly out, F9 (Flyball, 89D)
Batting: RHB Apu Nahasapeemapetilon 0-0: Foul Ball, location: 2F
0-1: Ball
1-1: Swinging Strike
1-2: Strikes out looking
Batting: RHB Eikki Kankaanperä 0-0: Ball
1-0: Ball
2-0: Ball
3-0: Called Strike
3-1: Called Strike
3-2: Foul Ball, location: 2F
3-2: Base on Balls
Batting: RHB Guy Toussaint 0-0: Ball
1-0: DOUBLE (Line Drive, 8RXD)
Eikki Kankaanperä to third
Runner from 3rd tries for Home, SAFE, no throw
Batting: RHB Felix Plugge 0-0: Ball
1-0: Foul Ball, location: 2F
1-1: Ground out 1-3 (Groundball, 13S)
Top of the 1st over - 1 run, 1 hit, 0 errors, 1 left on base; Brinkley 1 - Hialeah 0
BOTTOM OF THE 1ST
Hialeah Dodos batting - Pitching for Brinkley Belugas : RHP Matt Martin
Pitching: RHP Matt Martin
Batting: RHB Owen Cannon 0-0: Foul Ball, location: 2F
0-1: Ground out 3-1 (Groundball, 34S)
Batting: RHB Clarence Weber 0-0: Fly out, F9 (Flyball, 9S)
Batting: LHB Raúl Aguirre 0-0: Ball
1-0: Swinging Strike
1-1: Foul Ball, location: 2F
1-2: Ball
2-2: Strikes out swinging
Bottom of the 1st over - 0 runs, 0 hits, 0 errors, 0 left on base; Brinkley 1 - Hialeah 0
TOP OF THE 2ND
Brinkley Belugas batting - Pitching for Hialeah Dodos : LHP Yoshi Minamoto
Batting: RHB Oscar Gandarilla 0-0: Fly out, F7 (Flyball, 78M)
Batting: SHB Júlio González 0-0: Ball
1-0: Swinging Strike
1-1: Ball
2-1: Ball
3-1: Foul Ball, location: 2F
3-2: Ground out 5-3 (Groundball, 56)
Batting: RHB Luis Yander La O 0-0: Fly out, F3 (Popup, 3F)
Top of the 2nd over - 0 runs, 0 hits, 0 errors, 0 left on base; Brinkley 1 - Hialeah 0
BOTTOM OF THE 2ND
Hialeah Dodos batting - Pitching for Brinkley Belugas : RHP Matt Martin
Batting: LHB Jaime Aguilar 0-0: Swinging Strike
0-1: Ball
1-1: Ground out 6-3 (Groundball, 6)
Batting: RHB Andrew Crosby 0-0: Ball
1-0: Called Strike
1-1: SINGLE (Groundball, 34S) (infield hit)
Batting: RHB Aurelio Álvarez 0-0: Ball
Andrew Crosby steals 2nd base
1-0: Ball
2-0: Foul Ball, location: 2F
2-1: Called Strike
2-2: Fly out, F3 (Line Drive, 3)
Batting: SHB Javier Gonzáles 0-0: Ball
1-0: Reached via error on a dropped throw, E1
Andrew Crosby to third
Batting: LHB Errol Levick 0-0: Ball
1-0: Foul Ball, location: 2F
1-1: SINGLE (Line Drive, 9LS)
Andrew Crosby scores
Javier Gonzáles to second
Batting: RHB Zander Bailey 0-0: Ball
1-0: Fielders Choice at 2nd, 6-4 (Groundball, 6)
Bottom of the 2nd over - 1 run, 2 hits, 1 error, 2 left on base; Brinkley 1 - Hialeah 1
TOP OF THE 3RD
Brinkley Belugas batting - Pitching for Hialeah Dodos : LHP Yoshi Minamoto
Batting: RHB Jorge Durán 0-0: Ball
1-0: Called Strike
1-1: Ball
2-1: Swinging Strike
2-2: Strikes out looking
Batting: RHB Martín Alejadre 0-0: Ball
1-0: Ball
2-0: Called Strike
2-1: Foul Ball, location: 2F
2-2: Ball
3-2: Foul Ball, location: 2F
3-2: Base on Balls
Batting: RHB Apu Nahasapeemapetilon 0-0: Swinging Strike
0-1: Called Strike
Martín Alejadre steals 2nd base
0-2: Ball
1-2: SINGLE (Groundball, 4D)
Martín Alejadre to third
Runner from 3rd tries for Home, SAFE, no throw
Batting: RHB Eikki Kankaanperä 0-0: Foul Ball, location: 2F
0-1: Ball
1-1: Ball
2-1: Foul Ball, location: 2F
2-2: Foul Ball, location: 2F
2-2: Ball
3-2: Strikes out swinging
Batting: RHB Guy Toussaint 0-0: Called Strike
0-1: Ball
1-1: Ball
2-1: Ball
3-1: Base on Balls
Apu Nahasapeemapetilon to second
Batting: RHB Felix Plugge 0-0: Called Strike
0-1: Ball
1-1: Called Strike
1-2: Strikes out swinging
Top of the 3rd over - 1 run, 1 hit, 0 errors, 2 left on base; Brinkley 2 - Hialeah 1
BOTTOM OF THE 3RD
Hialeah Dodos batting - Pitching for Brinkley Belugas : RHP Matt Martin
Batting: RHB Owen Cannon 0-0: Ball
1-0: Called Strike
1-1: Swinging Strike
1-2: Ball
2-2: Ball
3-2: Base on Balls
Batting: RHB Clarence Weber 0-0: Ball
1-0: Called Strike
1-1: Ball
2-1: SINGLE (Groundball, 4MD)
Owen Cannon to second
Batting: LHB Raúl Aguirre 0-0: Ball
1-0: Ball
2-0: Fly out, F9 (Flyball, 89S)
Batting: LHB Jaime Aguilar 0-0: Swinging Strike
0-1: Foul Ball, location: 2F
0-2: Foul Ball, location: 2F
0-2: Ball
1-2: Strikes out swinging
Batting: RHB Andrew Crosby 0-0: Called Strike
0-1: Ball
1-1: Ball
2-1: Foul Ball, location: 2F
2-2: 3-RUN HOME RUN (Flyball, 7D), Distance : 376 ft
Batting: RHB Aurelio Álvarez 0-0: Ball
1-0: Foul Ball, location: 2F
1-1: Swinging Strike
1-2: Fly out, F7 (Line Drive, 78M)
Bottom of the 3rd over - 3 runs, 2 hits, 0 errors, 0 left on base; Brinkley 2 - Hialeah 4
TOP OF THE 4TH
Brinkley Belugas batting - Pitching for Hialeah Dodos : LHP Yoshi Minamoto
Batting: RHB Oscar Gandarilla 0-0: Ball
1-0: Called Strike
1-1: Swinging Strike
1-2: Foul Ball, location: 2F
1-2: SINGLE (Groundball, 56S) (infield hit)
Batting: SHB Júlio González 0-0: Called Strike
Oscar Gandarilla is caught stealing 2nd base
0-1: Called Strike
0-2: Ball
1-2: Ground out 5-3 (Groundball, 5S)
Batting: RHB Luis Yander La O 0-0: Swinging Strike
0-1: Called Strike
0-2: Strikes out swinging
Top of the 4th over - 0 runs, 1 hit, 0 errors, 0 left on base; Brinkley 2 - Hialeah 4
BOTTOM OF THE 4TH
Hialeah Dodos batting - Pitching for Brinkley Belugas : RHP Matt Martin
Batting: SHB Javier Gonzáles 0-0: Foul Ball, location: 2F
0-1: Ball
1-1: Foul Ball, location: 2F
1-2: Foul Ball, location: 2F
1-2: Ground out 5-3 (Groundball, 56)
Batting: LHB Errol Levick 0-0: Ball
1-0: Ground out 4-3 (Groundball, 4)
Batting: RHB Zander Bailey 0-0: Ball
1-0: Foul Ball, location: 2F
1-1: Ground out U3 (Groundball, 34)
Bottom of the 4th over - 0 runs, 0 hits, 0 errors, 0 left on base; Brinkley 2 - Hialeah 4
TOP OF THE 5TH
Brinkley Belugas batting - Pitching for Hialeah Dodos : LHP Yoshi Minamoto
Batting: RHB Jorge Durán 0-0: Ball
1-0: Foul Ball, location: 2F
1-1: Ball
2-1: Ball
3-1: Base on Balls
Batting: RHB Martín Alejadre 0-0: Ball
1-0: SINGLE (Flyball, 78M)
Jorge Durán to second
Batting: RHB Apu Nahasapeemapetilon 0-0: Called Strike
0-1: Ball
1-1: Sac Bunt - play at first, batter OUT! 1-3
Jorge Durán to third
Martín Alejadre to second
Batting: RHB Eikki Kankaanperä 0-0: Ball
1-0: Fly out, F8 (Line Drive, 8LM)
Runner from 3rd tags up, SCORES, no throw
Batting: RHB Guy Toussaint 0-0: Ball
1-0: Ball
2-0: Foul Ball, location: 2F
2-1: Called Strike
2-2: Reached on error, E6 (Groundball, 6)
Martín Alejadre scores
Batting: RHB Felix Plugge 0-0: Ball
1-0: Ball
2-0: Called Strike
2-1: Foul Ball, location: 2F
2-2: Foul Ball, location: 2F
2-2: Foul Ball, location: 2F
2-2: Ball
3-2: Ground out 6-3 (Groundball, 6M)
Top of the 5th over - 2 runs, 1 hit, 1 error, 1 left on base; Brinkley 4 - Hialeah 4
BOTTOM OF THE 5TH
Hialeah Dodos batting - Pitching for Brinkley Belugas : RHP Matt Martin
Batting: RHB Owen Cannon 0-0: Called Strike
0-1: Called Strike
0-2: Fly out, F4 (Line Drive, 4)
Batting: RHB Clarence Weber 0-0: Ball
1-0: SOLO HOME RUN (Flyball, 7LD), Distance : 364 ft
Batting: LHB Raúl Aguirre 0-0: Called Strike
0-1: Ball
1-1: Ball
2-1: Ball
3-1: Swinging Strike
3-2: Foul Ball, location: 2F
3-2: Strikes out swinging
Batting: LHB Jaime Aguilar 0-0: Ball
1-0: Ball
2-0: Called Strike
2-1: Called Strike
2-2: Foul Ball, location: 2F
2-2: Ball
3-2: Foul Ball, location: 2F
3-2: Strikes out swinging
Bottom of the 5th over - 1 run, 1 hit, 0 errors, 0 left on base; Brinkley 4 - Hialeah 5
TOP OF THE 6TH
Brinkley Belugas batting - Pitching for Hialeah Dodos : LHP Yoshi Minamoto
Batting: RHB Oscar Gandarilla 0-0: Called Strike
0-1: Called Strike
0-2: Ball
1-2: Ball
2-2: Ball
3-2: Base on Balls
Batting: SHB Júlio González 0-0: Foul Ball, location: 2F
0-1: Ball
1-1: Called Strike
1-2: Ball
2-2: SINGLE (Flyball, 78S)
Oscar Gandarilla to second
Batting: RHB Luis Yander La O 0-0: Ball
1-0: Foul Ball, location: 2F
1-1: Called Strike
1-2: Strikes out looking
Batting: RHB Jorge Durán 0-0: Ball
1-0: Foul Ball, location: 2F
1-1: Ball
2-1: Called Strike
2-2: Fly out, F3 (Popup, 34S)
Pitching: RHP Lindsay Novak
Batting: RHB Martín Alejadre 0-0: Foul Ball, location: 2F
0-1: Ground out 4-3 (Groundball, 4MD)
Top of the 6th over - 0 runs, 1 hit, 0 errors, 2 left on base; Brinkley 4 - Hialeah 5
BOTTOM OF THE 6TH
Hialeah Dodos batting - Pitching for Brinkley Belugas : RHP Matt Martin
Batting: RHB Andrew Crosby 0-0: Ball
1-0: Called Strike
1-1: Fly out, F9 (Flyball, 9S)
Batting: RHB Aurelio Álvarez 0-0: Ball
1-0: Swinging Strike
1-1: Foul Ball, location: 2F
1-2: Ball
2-2: Ball
3-2: Ground out 6-3 (Groundball, 56)
Batting: SHB Javier Gonzáles 0-0: Called Strike
0-1: Called Strike
0-2: Reached on error, E5 (Groundball, 5L)
Batting: LHB Errol Levick 0-0: Called Strike
Javier Gonzáles steals 2nd base
0-1: Fly out, F3 (Popup, 34)
Bottom of the 6th over - 0 runs, 0 hits, 1 error, 1 left on base; Brinkley 4 - Hialeah 5
TOP OF THE 7TH
Brinkley Belugas batting - Pitching for Hialeah Dodos : RHP Lindsay Novak
Batting: RHB Apu Nahasapeemapetilon 0-0: Ball
1-0: Swinging Strike
1-1: Swinging Strike
1-2: Strikes out looking
Batting: RHB Eikki Kankaanperä 0-0: Ball
1-0: Ball
2-0: Foul Ball, location: 2F
2-1: Ball
3-1: Swinging Strike
3-2: Foul Ball, location: 2F
3-2: Strikes out swinging
Batting: RHB Guy Toussaint 0-0: Ball
1-0: Fly out, F8 (Flyball, 8RD)
Top of the 7th over - 0 runs, 0 hits, 0 errors, 0 left on base; Brinkley 4 - Hialeah 5
BOTTOM OF THE 7TH
Hialeah Dodos batting - Pitching for Brinkley Belugas : RHP Matt Martin
Batting: RHB Zander Bailey 0-0: Foul Ball, location: 2F
0-1: Ground out 6-3 (Groundball, 6)
Batting: RHB Owen Cannon 0-0: Swinging Strike
0-1: Called Strike
0-2: Fly out, F8 (Flyball, 8RD)
Batting: RHB Clarence Weber 0-0: Foul Ball, location: 2F
0-1: Ball
1-1: Fly out, F7 (Line Drive, 7LM)
Bottom of the 7th over - 0 runs, 0 hits, 0 errors, 0 left on base; Brinkley 4 - Hialeah 5
TOP OF THE 8TH
Brinkley Belugas batting - Pitching for Hialeah Dodos : RHP Lindsay Novak
Now at 2B: Robert Emmet Odlum
Now at 3B: Curt Wilson
Batting: RHB Felix Plugge 0-0: Ball
1-0: Swinging Strike
1-1: DOUBLE (Flyball, 78D)
Pinch Hitting: LHB José Hernández 0-0: Called Strike
0-1: SINGLE (Line Drive, 78S)
Felix Plugge to third
Pitching: LHP Aurelio Ornelas
Batting: SHB Júlio González 0-0: Called Strike
0-1: Ball
1-1: Called Strike
1-2: Foul Ball, location: 2F
1-2: Ball
2-2: Ground out 6-3 (Groundball, 6S)
José Hernández to second
Batting: RHB Luis Yander La O 0-0: Ball
1-0: Called Strike
1-1: Ball
2-1: Foul Ball, location: 2F
2-2: Foul Ball, location: 2F
2-2: Foul Ball, location: 2F
2-2: Foul Ball, location: 2F
2-2: Ball
3-2: Base on Balls
Batting: RHB Jorge Durán 0-0: Called Strike
0-1: Swinging Strike
0-2: Fly out, F6 (Line Drive, 56)
Batting: RHB Martín Alejadre 0-0: Called Strike
0-1: Ball
1-1: Ball
2-1: Foul Ball, location: 2F
2-2: Ball
3-2: Foul Ball, location: 2F
3-2: Foul Ball, location: 2F
3-2: Strikes out looking
Top of the 8th over - 0 runs, 2 hits, 0 errors, 3 left on base; Brinkley 4 - Hialeah 5
BOTTOM OF THE 8TH
Hialeah Dodos batting - Pitching for Brinkley Belugas : RHP Matt Martin
Pitching: RHP Carlos Rosales
Now in CF: José Hernández
Batting: LHB Raúl Aguirre 0-0: Ground out 1-3 (Groundball, 13S)
Batting: LHB Jaime Aguilar 0-0: Ball
1-0: Called Strike
1-1: Called Strike
1-2: Ball
2-2: Ball
3-2: Fly out, F7 (Flyball, 7S)
Batting: RHB Andrew Crosby 0-0: Fly out, F8 (Flyball, 8RM)
Bottom of the 8th over - 0 runs, 0 hits, 0 errors, 0 left on base; Brinkley 4 - Hialeah 5
TOP OF THE 9TH
Brinkley Belugas batting - Pitching for Hialeah Dodos : LHP Aurelio Ornelas
Pitching: LHP Urs Ehles
Now at 1B: Armando García
Now in CF: Jack Head
Batting: RHB Apu Nahasapeemapetilon 0-0: Ball
1-0: SINGLE (Flyball, 89S)
Batting: RHB Eikki Kankaanperä 0-0: Ball
1-0: Ball
2-0: Ball
3-0: Called Strike
3-1: Base on Balls
Apu Nahasapeemapetilon to second
Pinch Runner at 2nd Gerald Kaufman:
Batting: RHB Guy Toussaint 0-0: Ball
1-0: Called Strike
1-1: Ball
2-1: Ball
3-1: Swinging Strike
3-2: Foul Ball, location: 2F
3-2: Foul Ball, location: 2F
3-2: Foul Ball, location: 2F
3-2: SINGLE (Flyball, 78M)
Gerald Kaufman to third
Eikki Kankaanperä to second
Runner from 3rd tries for Home, SAFE, no throw
Batting: RHB Felix Plugge 0-0: Ball
1-0: Ball
2-0: Foul Ball, location: 2F
2-1: Fly out, F5 (Line Drive, 56)
Batting: LHB José Hernández 0-0: Ball
Eikki Kankaanperä steals 3rd base
Guy Toussaint to second
1-0: Ball
2-0: Swinging Strike
2-1: Foul Ball, location: 2F
2-2: Strikes out looking
Batting: SHB Júlio González 0-0: Called Strike
0-1: Fly out, F8 (Line Drive, 8LD)
Top of the 9th over - 1 run, 2 hits, 0 errors, 2 left on base; Brinkley 5 - Hialeah 5
BOTTOM OF THE 9TH
Hialeah Dodos batting - Pitching for Brinkley Belugas : RHP Carlos Rosales
Pitching: RHP Austin Aries
Now at 3B: Juan Aguirre
Batting: RHB Aurelio Álvarez 0-0: Called Strike
0-1: Ball
1-1: Called Strike
1-2: Ground out 1-3 (Groundball, 13S)
Batting: SHB Javier Gonzáles 0-0: Ball
1-0: Fly out, F7 (Flyball, 7)
Batting: LHB Errol Levick 0-0: SINGLE (Line Drive, 4MD)
Batting: LHB Curt Wilson 0-0: Called Strike
0-1: Fly out, F7 (Flyball, 78S)
Bottom of the 9th over - 0 runs, 1 hit, 0 errors, 1 left on base; Brinkley 5 - Hialeah 5
TOP OF THE 10TH
Brinkley Belugas batting - Pitching for Hialeah Dodos : LHP Urs Ehles
Pitching: RHP Olegário Pa
Batting: RHB Luis Yander La O 0-0: Called Strike
0-1: Swinging Strike
0-2: Ball
1-2: Ball
2-2: Strikes out swinging
Batting: RHB Jorge Durán 0-0: Called Strike
0-1: Called Strike
0-2: Foul Ball, location: 2F
0-2: Ground out U3 (Groundball, 3)
Batting: RHB Martín Alejadre 0-0: Swinging Strike
0-1: Ball
1-1: Called Strike
1-2: Foul Ball, location: 2F
1-2: Ball
2-2: Fly out, F9 (Line Drive, 89M)
Top of the 10th over - 0 runs, 0 hits, 0 errors, 0 left on base; Brinkley 5 - Hialeah 5
BOTTOM OF THE 10TH
Hialeah Dodos batting - Pitching for Brinkley Belugas : RHP Austin Aries
Batting: RHB Owen Cannon 0-0: Swinging Strike
0-1: Swinging Strike
0-2: Strikes out swinging
Pinch Hitting: LHB Kendrick Sullivan 0-0: Called Strike
0-1: Ball
1-1: Ground out 5-3 (Groundball, 56)
Batting: RHB Armando García 0-0: Foul Ball, location: 2F
0-1: Called Strike
0-2: Ball
1-2: Ball
2-2: Ball
3-2: Foul Ball, location: 2F
3-2: Base on Balls
Batting: LHB Jaime Aguilar 0-0: Ball
1-0: Foul Ball, location: 2F
1-1: Called Strike
1-2: Ball
2-2: Fielders Choice at 2nd, 6-4 (Groundball, 6)
Bottom of the 10th over - 0 runs, 0 hits, 0 errors, 1 left on base; Brinkley 5 - Hialeah 5
TOP OF THE 11TH
Brinkley Belugas batting - Pitching for Hialeah Dodos : RHP Olegário Pa
Now at 2B: Kendrick Sullivan
Batting: RHB Juan Aguirre 0-0: Foul Ball, location: 2F
0-1: Ball
1-1: Ball
2-1: Called Strike
2-2: Ball
3-2: DOUBLE (Line Drive, 78D)
Batting: RHB Eikki Kankaanperä 0-0: Foul Ball, location: 2F
0-1: Called Strike
0-2: Ball
1-2: Ground out 5-3 (Groundball, 56)
Batting: RHB Guy Toussaint 0-0: Ball
1-0: Called Strike
1-1: Swinging Strike
1-2: Fly out, F9 (Flyball, 9)
Batting: RHB Felix Plugge 0-0: DOUBLE (Groundball, 5L)
Juan Aguirre scores
Batting: LHB José Hernández 0-0: Ball
1-0: Foul Ball, location: 2F
1-1: Called Strike
1-2: Ball
2-2: Ball
3-2: Strikes out looking
Top of the 11th over - 1 run, 2 hits, 0 errors, 1 left on base; Brinkley 6 - Hialeah 5
BOTTOM OF THE 11TH
Hialeah Dodos batting - Pitching for Brinkley Belugas : RHP Austin Aries
Pitching: RHP Yue-rong Chen
Batting: RHB Jack Head 0-0: Called Strike
0-1: Fly out, F2 (Popup, 23F)
Batting: RHB Aurelio Álvarez 0-0: Hit by Pitch
Batting: SHB Javier Gonzáles 0-0: Ball
1-0: Ball
2-0: Ball
3-0: Called Strike
3-1: Base on Balls
Aurelio Álvarez to second
Batting: LHB Errol Levick 0-0: Fly out, F8 (Flyball, 8RM)
Batting: LHB Curt Wilson 0-0: Called Strike
0-1: Ball
1-1: Ball
2-1: Ground out U3 (Groundball, 34)
Bottom of the 11th over - 0 runs, 0 hits, 0 errors, 2 left on base; Brinkley 6 - Hialeah 5
Wednesday, September 19th, 2018 - OOTP Baseball 18.8 Build 76